 Dungeon Crawl Stone Soup version 0.30-b1-2-g02819fbbbe (webtiles) character file.

Game seed: 10116328892495043493

8 Alarkh the Vexing (level 2, 20/21 HPs)
             Began as a Demonspawn Hexslinger on July 11, 2023.
             Got out of the dungeon alive.
             The game lasted 00:00:31 (183 turns).

Alarkh the Vexing (Demonspawn Hexslinger)            Turns: 183, Time: 00:00:32

Health: 20/21      AC:  2    Str: 10    XL:     2   Next: 0%
Magic:  3/3        EV: 12    Int: 14    God:
Gold:   19         SH:  0    Dex: 13    Spells: 2/3 levels left

rFire   . . .        a - +1 sling
rCold   . . .        (no shield)
rNeg    . . .        c - +0 robe
rPois   .            (no helmet)
rElec   .            (no cloak)
rCorr   .            (no gloves)
SInv    .            (no boots)
Will    .....        (no amulet)
Stlth   +            (no ring)
HPRegen 0.23/turn    (no ring)
MPRegen 0.08/turn

%: no passive effects
@: no status effects
A: demonic guardian 1
a: no special abilities


You escaped.
You visited 1 branch of the dungeon, and saw 1 of its levels.

You collected 19 gold pieces.

Inventory:

Hand Weapons
 a - a +1 sling (weapon)
Armour
 c - a +0 robe (worn)
Scrolls
 b - 2 scrolls of poison
 d - a scroll of summoning {unknown}
 f - a scroll of enchant armour {unknown}
 g - a scroll of teleportation {unknown}
Potions
 e - a potion of heal wounds {unknown}


   Skills:
 + Level 1.3 Fighting
 * Level 2.3 Ranged Weapons
 - Level 1.7 Dodging
 - Level 1.0 Spellcasting
 - Level 3.0 Hexes


You had 2 spell levels left.
You knew the following spells:

 Your Spells              Type           Power      Damage    Failure   Level
a - Slow                  Hex            36%        N/A       8%          1

Your spell library contained the following spells:

 Spells                   Type           Power      Damage    Failure   Level
 Inner Flame              Hex/Fire       4%         N/A       38%         3
 Portal Projectile        Hex/Tloc       8%         N/A       38%         3
 Cause Fear               Hex            4%         N/A       58%         4


Dungeon Overview and Level Annotations

Branches:
Dungeon (1/15)

Altars:


Innate Abilities, Weirdness & Mutations

A weak demonic guardian rushes to your aid.


Message History

The sling bullet closely misses the goblin.
The bat hits you. The goblin hits you but does no damage.
The goblin hits you with a +0 club.
You shoot a sling bullet.
The sling bullet closely misses the goblin.
The bat completely misses you. The goblin hits you with a +0 club.
The bat closely misses you.
You are too injured to fight recklessly!
You are too injured to fight recklessly!
You are too injured to fight recklessly!
The bat hits you but does no damage. The goblin hits you with a +0 club.
The bat closely misses you. The bat completely misses you.
You shoot a sling bullet.
The sling bullet closely misses the bat.
The sling bullet hits the goblin.
You kill the goblin!
The bat barely misses you. The bat closely misses you. The bat misses you.
You shoot a sling bullet. The sling bullet misses the bat.
The bat closely misses you. The bat closely misses you.
You are too injured to fight recklessly!
Fire: a) +1 sling
Press: ? - help, Q - select action, (/) - cycle Shift-Dir - straight line, f/p - bat
Aim: a bat (39% to hit)
You shoot a sling bullet. The sling bullet barely misses the bat.
The bat hits you.
Fire: a) +1 sling
Press: ? - help, Q - select action, (/) - cycle Shift-Dir - straight line, f/p - bat
Aim: a bat (39% to hit)
You shoot a sling bullet. The sling bullet hits the bat.
You kill the bat!
You have reached level 2!
Your demonic ancestry asserts itself...
You feel the presence of a demonic guardian.
Unknown command.
HP restored.
There is a staircase leading out of the dungeon here.
Are you sure you want to leave the Dungeon?
This will make you lose the game!
You have escaped!

#.# ###....### #.#
##........## #.#
##....##....## #.#
#............# #.#
##............##
#.####.....####.....#
#........### ###...#
########.# ##..#
#@.### ###...#
#....####.....#
#............##
#............#
##....##....##
##........##
###....### ######


There were no monsters in sight!

Vanquished Creatures
  2 giant cockroaches (D:1)
  2 goblins (D:1)
  A hobgoblin (D:1)
  A ball python (D:1)
  A bat (D:1)
7 creatures vanquished.

Notes
Turn   | Place    | Note
-------+----------+-------------------------------------------
     0 | D:1      | Alarkh the Demonspawn Hexslinger began the quest for the
                  | Orb.
     0 | D:1      | Reached XP level 1. HP: 15/15 MP: 2/2
   132 | D:1      | Gained mutation: A weak demonic guardian rushes to your
                  | aid. [demonic ancestry]
   132 | D:1      | Reached XP level 2. HP: 9/21 MP: 3/3
   183 | D:$      | Got out of the dungeon alive.

Illustrated notes

Levels and vault maps discovered:
D:1:      minmay_arrival_loop, layout_loops_ring, serial_shops,
          nicolae_lakefront_shop

Skill      XL: |  1 |
---------------+----+-----
Ranged Weapons | 2 |  2.3
Fighting       | |  1.3
Dodging        | |  1.7
Spellcasting   | |  1.0
Hexes          | |  3.0

Action                     || total
---------------------------++-------
   Fire: Sling             ||    22
 Armour: Robe              ||     4
  Dodge: Dodged            ||    15
